Map: Ulrena

Players

iAMtheSWARM

  • Race: Zerg Zerg
  • League: Platinum

LilDicky - Winner!

  • Race: Terran Terran
  • League: Diamond

VOD

http://www.twitch.tv/tumescentpie

Description

Time

  • Played on: Dec. 25, 2015, 8:04 p.m.
  • Length: 4:07
Show
View Real Time Build Order
Export as new Build Order

iAMtheSWARM Zerg 

Build Orders: Pool Only 

Get SALT Encoding   

  12  0:01  Drone  
  13  0:08  Drone  
  14  0:21  Extractor  
  14  0:22  Drone  
  14  0:35  Drone, Spawning Pool  
  14  0:45  Overlord  
  15  1:04  Drone  
  15  1:21  Zergling x2  
  15  1:22  Zergling x4  
  15  1:24  Metabolic Boost  
  18  1:27  Queen  
  20  1:46  Zergling x2  
  21  1:51  Baneling Nest  
  20  1:55  Drone  
  20  1:56  Zergling x2  
  22  2:19  Overlord  
  22  2:40  Zergling x10  
  27  2:44  Baneling x3  
  27  2:45  Baneling x3  
  27  2:52  Overlord  
  25  3:19  Zergling x10  
  25  3:31  Zergling x2  
  23  3:41  Baneling  
Show
View Real Time Build Order
Export as new Build Order

LilDicky Terran - Winner!

Build Orders:  

Get SALT Encoding   

  12  0:01  SCV  
  13  0:13  SCV  
  14  0:20  Supply Depot  
  14  0:27  SCV  
  15  0:42  SCV  
  16  0:43  Barracks  
  16  0:54  SCV  
  17  1:06  SCV  
  18  1:18  SCV  
  18  1:22  Barracks  
  18  1:23  Barracks  
  19  1:30  Marine  
  19  1:31  Supply Depot  
  20  1:34  Orbital Command  
  20  1:50  Marine  
  21  1:58  Barracks  
  21  2:00  Barracks  
  21  2:02  SCV  
  21  2:07  Marine  
  23  2:09  Marine  
  24  2:17  Supply Depot, Marine  
  25  2:24  SCV  
  25  2:25  Marine  
  27  2:30  Marine  
  27  2:35  Marine  
  27  2:36  SCV  
  30  2:43  Marine  
  30  2:44  Supply Depot  
  31  2:47  Marine  
  31  2:48  SCV  
  31  2:51  Marine  
  33  2:54  Marine  
  33  2:57  Marine  
  36  3:01  Marine  
  36  3:05  SCV, Marine  
  38  3:09  Marine  
  38  3:12  Marine  
  39  3:41  Supply Depot  
  39  3:43  Supply Depot  
Tags
 
Add a new tag
Caveats
  • Supply blocks, unpowered buildings, or Contaminate may cause inaccurate times.
  • Supply counts are checked every 10 seconds.